 Dungeon Crawl Stone Soup version 0.25-a0-578-gc91f01c39c (webtiles) character file.

Game seed: 16276135690603131562, levelgen mode: deterministic

13344 KiliKikkendorf the Cleaver (level 12, 0/106 HPs)
             Began as a Hill Orc Fighter on Mar 7, 2020.
             Was a Priest of the Shining One.
             Killed by nerve-wracking pain
             ... invoked by a tormentor
             ... summoned by a lich
              (4 damage)
             ... on level 2 of the Abyss.
             The game lasted 01:51:56 (10389 turns).

KiliKikkendorf the Cleaver (Hill Orc Fighter)      Turns: 10389, Time: 01:51:58

Health: 0/106      AC: 30    Str: 24    XL:     12   Next: 5%
Magic:  12/12      EV:  8    Int:  8    God:    the Shining One [***...]
Gold:   1241       SH: 12    Dex: 16    Spells: 11/11 levels left

rFire    . . .     SeeInvis .   p - +2 hand axe (elec)
rCold    . . .     Gourm    +   c - +0 kite shield
rNeg     + . .     Faith    .   I - +10 plate armour "Kacs" {+Blink Regen+ rCorr Dex-4}
rPois    .         Spirit   .   s - +2 helmet
rElec    .         Reflect  .   (no cloak)
rCorr    +         Harm     .   B - +1 pair of gloves
MR       .....                  (no boots)
Stlth    ..........             G - amulet of the gourmand
HPRegen  0.67/turn              o - +5 ring of dexterity
MPRegen  0.13/turn              D - +5 ring of dexterity

@: very slightly contaminated, glowing
A: no striking features
a: Divine Shield, Renounce Religion, Evoke Blink


You were on level 2 of the Abyss.
You worshipped the Shining One.
The Shining One was most pleased with you.
You were not hungry.

You visited 3 branches of the dungeon, and saw 12 of its levels.
You visited the Abyss 1 time.

You collected 1391 gold pieces.
You spent 150 gold pieces at shops.

Inventory:

Hand Weapons
 a - a +1 war axe
 j - a +0 fustibalus
 p - a +2 hand axe of electrocution (weapon)
 C - a +4 dagger of holy wrath
 J - a +5 dagger of flaming
Missiles
 n - 13 sling bullets
Armour
 c - a +0 kite shield (worn)
 g - a +1 hat of intelligence
 s - a +2 helmet (worn)
 B - a +1 pair of gloves (worn)
 E - a +0 ring mail of cold resistance
 I - the +10 plate armour "Kacs" (worn) {+Blink Regen+ rCorr Dex-4}
   (You found it on level 8 of the Dungeon)

   It affects your dexterity (-4).
   It lets you blink.
   It increases your rate of regeneration.
   It provides partial protection from all sources of acid and corrosion.
   If you remove this armour, your AC will decrease by 25 (30 -> 5).
Magical Staves
 v - an uncursed staff of death
Jewellery
 b - an uncursed ring of flight
 o - a +5 ring of dexterity (left hand)
 q - an uncursed ring of magical power
 w - an uncursed ring of teleportation
 D - a +5 ring of dexterity (right hand)
 G - an amulet of the gourmand (around neck)
 K - a cursed ring of resist corrosion
Wands
 i - a wand of iceblast (36)
 x - a wand of polymorph (12)
 y - a wand of acid (6)
 z - a wand of digging (1)
 H - a wand of flame (32)
Scrolls
 e - 11 scrolls of remove curse
 k - a scroll of enchant weapon
 t - a scroll of identify
 u - a scroll of blinking
 A - 5 scrolls of amnesia
 F - a scroll of noise
Potions
 d - a potion of might
 h - 2 potions of berserk rage
 l - 6 potions of curing
 m - 2 potions of ambrosia
 r - 2 potions of degeneration
Comestibles
 f - 16 rations


   Skills:
 + Level 10.0 Fighting
 + Level 14.1 Axes
 + Level 3.2(3.3) Slings
 + Level 1.1(2.3) Throwing
 + Level 9.8 Armour
 + Level 3.3 Dodging
 + Level 2.1 Stealth
 + Level 9.3 Shields
 + Level 0.4 Unarmed Combat
 + Level 1.2 Evocations


You had 11 spell levels left.
You didn't know any spells.
Your spell library contained the following spells:

 Spells                   Type           Power        Failure   Level  Hunger
 Magic Dart               Conj           #...         100%        1    ##.....
 Sandblast                Erth           #.....       100%        1    ##.....
 Shock                    Conj/Air       #...         100%        1    ##.....
 Blink                    Tloc           N/A          100%        2    ###....
 Call Imp                 Summ           #.......     100%        2    ###....
 Passwall                 Tmut/Erth      #.......     100%        2    ###....
 Slow                     Hex            #.......     100%        2    ###....
 Swiftness                Chrm/Air       #.......     100%        2    ###....
 Conjure Flame            Conj/Fire      #.......     100%        3    ####...
 Mephitic Cloud           Conj/Pois/Air  #.......     100%        3    ####...
 Static Discharge         Conj/Air       #.......     100%        3    ####...
 Stone Arrow              Conj/Erth      #.....       100%        3    ####...
 Airstrike                Air            #.........   100%        4    #####..
 Petrify                  Tmut/Erth      #.......     100%        4    #####..
 Lee's Rapid Deconstruct  Erth           #.........   100%        5    ######.
 Lightning Bolt           Conj/Air       #.........   100%        5    ######.


Dungeon Overview and Level Annotations

Branches:
Dungeon (9/15)             Temple (1/1) D:5            Lair (0/6) D:9
    Orc (2/2) D:9             Elf (0/3) Orc:2

Altars:
Ashenzari
Cheibriados
Dithmenos
Elyvilon
Fedhas
Gozag
Hepliaklqana
Kikubaaqudgha
Makhleb
Nemelex Xobeh
Okawaru
Qazlal
Ru
Sif Muna
Trog
Uskayaw
Vehumet
Wu Jian
Xom
Yredelemnul
Zin
The Shining One
Beogh

Shops:
D:9 (   Orc:2 %

Annotations:
D:8 exclusion: 4 orange crystal statues
Orc:2 Erolcha


Message History

The thrashing horror tramples you but does no damage.
You block the thrashing horror's attack.
The thrashing horror barely misses you.
You block the starspawn tentacle's attack.
The starspawn tentacle grabs you. The starspawn tentacle constricts you.
The spatial maelstrom moves out of view. 2 spatial vortices come into view.
The starspawn tentacle's grasp on you weakens, but your attempt to escape fails.
The tormentor calls on the powers of darkness!
Your body is wracked with pain!
* * * LOW HITPOINT WARNING * * *
The thrashing horror tramples you but does no damage.
The thrashing horror barely misses you.
You block the thrashing horror's attack.
The thrashing horror tramples you but does no damage.
The starspawn tentacle loses its grip on you.
The tentacle pulls you backwards! The tormentor gestures at you.
Pain shoots through your body!
You die...

#.v#v ##.## . . .
.#...###...#####.##
# ......#.....#..# #
##. ..v....?.....#
#. #...
#....#.....#.. #
#..##...###§ V####
#.....## ##2## #
#....X.###...## #
#...##X@..#.3...#..#
#. #.w─.2.........
......\#X....# .#
####.#..V..#......#
##..............
#.#.....#.....#.
##.##..#..#.##. #.#
.#...$##. .# #. ...#
.#


You could see a tentacled starspawn, a spatial vortex, 2 thrashing horrors, a
tormentor and a starspawn tentacle.

Vanquished Creatures
  Harold (D:8)
  A catoblepas (D:9)
  6 two-headed ogres
  An orc high priest (Orc:1)
  The ghost of loom the Spear-Bearer, a novice MfAK of Lugonu (D:5)
  3 orc sorcerers
  Maurice (D:9)
  2 trolls (Orc:1)
  Grinder (D:6)
  A hornet (D:9)
  A spriggan (D:7)
  A hungry ghost (D:7)
  A warg (Orc:1)
  7 orc warriors
  2 ice beasts (D:8)
  2 sky beasts
  An eye of draining (D:8)
  11 ogres
  2 centaurs
  2 big kobolds
  3 bullfrogs
  3 scorpions
  A howler monkey (D:4)
  3 crimson imps
  A quasit (D:5)
  11 orc priests
  4 hounds
  5 jellies
  A bullfrog skeleton (D:6)
  3 centaur skeletons
  Crazy Yiuf (D:7)
  Jessica (D:6)
  12 orc wizards
  8 worker ants
  A hound zombie (D:8)
  7 gnolls
  4 adders
  2 shadow imps (D:8)
  An ooze (D:4)
  4 adder skeletons
  2 worms (D:3)
  3 dart slugs
  4 leopard geckos
  46 orcs
  4 bats
  8 giant cockroaches
  6 goblins
  6 hobgoblins
  6 jackals (D:5)
  19 kobolds
  4 quokkas
  3 ball pythons
  8 frilled lizards
  A jackal zombie (D:8)
  2 leopard gecko zombies (D:5)
  2 quokka skeletons
  8 rats
  2 fungi (D:1)
  4 plants (D:1)
262 creatures vanquished.

Vanquished Creatures (others)
  5 starspawn tentacles (Abyss:2)
5 creatures vanquished.

Grand Total: 267 creatures vanquished

Notes
Turn   | Place    | Note
-------+----------+-------------------------------------------
     0 | D:1      | KiliKikkendorf the Hill Orc Fighter began the quest for the
                  | Orb.
     0 | D:1      | Reached XP level 1. HP: 19/19 MP: 1/1
   380 | D:1      | Reached skill level 3 in Axes
   380 | D:1      | Reached XP level 2. HP: 20/27 MP: 2/2
  1334 | D:2      | Reached XP level 3. HP: 33/33 MP: 3/3
  2165 | D:3      | Reached XP level 4. HP: 40/40 MP: 4/4
  2207 | D:3      | Reached skill level 4 in Axes
  2675 | D:4      | Reached skill level 1 in Dodging
  2763 | D:4      | Reached skill level 5 in Axes
  2763 | D:4      | Reached XP level 5. HP: 45/46 MP: 5/5
  2858 | D:4      | Reached skill level 5 in Fighting
  2898 | D:4      | Reached XP level 6. HP: 25/56 MP: 6/6
  3109 | D:4      | Reached skill level 1 in Slings
  3231 | D:4      | Noticed a sky beast
  3253 | D:4      | Killed a sky beast
  3297 | D:4      | Reached skill level 6 in Axes
  3297 | D:4      | Reached XP level 7. HP: 46/61 MP: 7/7
  3760 | D:5      | Entered Level 5 of the Dungeon
  3786 | D:4      | Reached skill level 1 in Stealth
  3906 | D:5      | Found a runed translucent gate.
  3906 | D:5      | Found a runed translucent gate.
  3906 | D:5      | Found a runed translucent gate.
  3907 | D:5      | Found a staircase to the Ecumenical Temple.
  3911 | D:5      | Noticed loom's ghost (novice MfAK)
  4019 | D:5      | Killed loom's ghost
  4019 | D:5      | Reached skill level 7 in Axes
  4019 | D:5      | Reached skill level 5 in Armour
  4019 | D:5      | Reached skill level 5 in Shields
  4019 | D:5      | Reached XP level 8. HP: 70/70 MP: 8/8
  4022 | D:5      | Reached skill level 8 in Axes
  4059 | Temple   | Entered the Ecumenical Temple
  4198 | Temple   | Became a worshipper of the Shining One
  4332 | D:5      | Reached skill level 1 in Throwing
  4633 | D:5      | Found a stormy altar of Qazlal.
  4897 | D:5      | Reached skill level 9 in Axes
  4901 | D:5      | Reached XP level 9. HP: 75/75 MP: 9/9
  5175 | D:6      | Reached * piety under the Shining One
  5187 | D:6      | Noticed Grinder
  5196 | D:6      | Killed Grinder
  5920 | D:6      | Noticed Jessica
  5989 | D:6      | Killed Jessica
  6022 | D:6      | Found a shimmering blue altar of Sif Muna.
  6333 | D:7      | Found a white marble altar of Elyvilon.
  6425 | D:7      | Reached skill level 10 in Axes
  6577 | D:7      | You fall into a shaft and drop 2 floors!
  6584 | D:9      | Noticed a hornet
  6592 | D:9      | Killed a hornet
  6592 | D:9      | Reached XP level 10. HP: 41/84 MP: 10/10
  6969 | D:9      | Found Puli's Weapon Emporium.
  6970 | D:9      | Found a staircase to the Orcish Mines.
  6979 | D:9      | Noticed a two-headed ogre
  6995 | D:9      | Killed a two-headed ogre
  6995 | D:9      | Reached skill level 11 in Axes
  7179 | D:8      | Found a blossoming altar of Fedhas.
  7179 | D:8      | Found a shimmering altar of Xom.
  7287 | D:8      | Found a hide-covered altar of Uskayaw.
  7291 | D:8      | Reached ** piety under the Shining One
  7785 | D:7      | Found a runed translucent door.
  7786 | D:7      | Noticed Crazy Yiuf
  7793 | D:7      | Killed Crazy Yiuf
  8047 | D:8      | Noticed Harold
  8062 | D:8      | Killed Harold
  8062 | D:8      | Reached skill level 1 in Evocations
  8216 | D:8      | Reached skill level 12 in Axes
  8276 | D:8      | Found a hide-covered altar of Uskayaw.
  8286 | D:8      | Found an iron altar of Okawaru.
  8297 | D:8      | Found a snail-covered altar of Cheibriados.
  8320 | D:8      | Found a runed translucent door.
  8326 | D:8      | Noticed an orange crystal statue
  8326 | D:8      | Noticed an orange crystal statue
  8326 | D:8      | Noticed an orange crystal statue
  8326 | D:8      | Noticed an orange crystal statue
  8347 | D:8      | Found a runed translucent door.
  8506 | D:8      | Got a warped plate armour
  8507 | D:8      | Identified the +10 plate armour "Kacs" {+Blink Regen+ rCorr
                  | Dex-4} (You found it on level 8 of the Dungeon)
  8602 | D:8      | Found a sacrificial altar of Ru.
  8776 | D:9      | Found an ornate altar of the Wu Jian Council.
  8798 | D:9      | Noticed a catoblepas
  8833 | D:9      | Killed a catoblepas
  8876 | D:9      | Found a radiant altar of Vehumet.
  8921 | D:9      | Noticed Maurice
  8940 | D:9      | Killed Maurice
  8940 | D:9      | Reached XP level 11. HP: 87/95 MP: 11/11
  8995 | D:9      | Found a staircase to the Lair.
  9046 | Orc:1    | Entered Level 1 of the Orcish Mines
  9093 | Orc:1    | Noticed an orc sorcerer
  9104 | Orc:1    | Killed an orc sorcerer
  9197 | Orc:1    | Noticed an orc sorcerer
  9204 | Orc:1    | Noticed an orc high priest
  9207 | Orc:1    | Noticed an orc sorcerer
  9210 | Orc:1    | Reached skill level 13 in Axes
  9212 | Orc:1    | Killed an orc sorcerer
  9218 | Orc:1    | Noticed a sun demon
  9226 | Orc:1    | Noticed a sun demon
  9311 | Orc:1    | Noticed a sixfirhy
  9317 | Orc:1    | Killed an orc high priest
  9331 | D:9      | Killed an orc sorcerer
  9802 | Orc:1    | Found a roughly hewn altar of Beogh.
  9860 | Orc:2    | Entered Level 2 of the Orcish Mines
  9881 | Orc:2    | Found a staircase to the Elven Halls.
  9895 | Orc:2    | Found Naop's Food Emporium.
  9942 | Orc:2    | Noticed a two-headed ogre
  9943 | Orc:2    | Bought a ration for 50 gold pieces
  9943 | Orc:2    | Bought a ration for 50 gold pieces
  9943 | Orc:2    | Bought a ration for 50 gold pieces
  9951 | Orc:2    | Killed a two-headed ogre
  9953 | Orc:2    | Noticed a two-headed ogre
  9953 | Orc:2    | Noticed Erolcha
  9953 | Orc:2    | Noticed a two-headed ogre
  9953 | Orc:2    | Reached *** piety under the Shining One
  9961 | Orc:2    | Noticed a two-headed ogre
  9968 | Orc:2    | Noticed a two-headed ogre
  9981 | Orc:1    | Killed a two-headed ogre
 10073 | Orc:1    | Killed a two-headed ogre
 10081 | Orc:1    | Killed a two-headed ogre
 10088 | Orc:1    | Killed a two-headed ogre
 10088 | Orc:1    | Reached skill level 14 in Axes
 10088 | Orc:1    | Reached XP level 12. HP: 70/106 MP: 12/12
 10156 | Orc:2    | Reached skill level 10 in Fighting
 10175 | Orc:2    | Noticed an ogre mage
 10177 | Orc:2    | Cast into level 1 of the Abyss (Erolcha)
 10307 | Abyss:2  | Noticed a tentacled starspawn
 10348 | Abyss:2  | Noticed a thrashing horror
 10367 | Abyss:2  | Noticed a lich
 10374 | Abyss:2  | Noticed a tentacled starspawn
 10374 | Abyss:2  | Noticed a cacodemon
 10381 | Abyss:2  | Noticed a thrashing horror
 10382 | Abyss:2  | Noticed a balrug
 10383 | Abyss:2  | Noticed a thrashing horror
 10388 | Abyss:2  | HP: 5/106 [smoke demon/divine providence (9)]
 10389 | Abyss:2  | Killed from afar by a tormentor

Levels and vault maps discovered:
D:1:      tarquinn_simple_flora_water_d, layout_loops_ring,
          roderic_roman_lattice
D:2:      layout_basic, due_unseen_surprise
D:3:      layout_basic, chequers_serial_rivers_micro_b
D:4:      layout_basic, enter_ossuary_2
D:5:      layout_basic, old_standard_altar, minmay_temple_entry_mini_moons,
          first_ration, gammafunk_ghost_necromancy
D:6:      wander_river, layout_basic, tgw_sif, uniq_grinder
D:7:      layout_loops_ring, elyvilon_altar_5, the_bakery,
          minmay_misc_feat_rugged, uniq_crazy_yiuf_cottage
D:8:      layout_loops_cross, nicolae_ru_path_of_blood,
          gammafunk_temple_overflow_forgotten, nicolae_overflow_hidden_temple,
          basic_altar, enter_bailey_2, chequers_guarded_unrand_ignorance,
          uniq_harold
D:9:      layout_roguey, kennysheep_little_box, lemuel_crystal_altar,
          lair_entry_dummy, orc_david_3, uniq_maurice
Temple:   jpeg_temple_clearing
Orc:1:    minmay_goldmine, layout_caves, basic_altar
Orc:2:    st_orc_ogre_mass, layout_caves, serial_shops, nicolae_shop_trees,
          lemuel_statue_altar, uniq_jorgrun, uniq_erolcha
Abyss:2:  base: D:15, evilmike_abyss_exit_smiterflies

Skill      XL: |  1  2  3  4  5  6  7  8  9 10 11 12 |
---------------+-------------------------------------+-----
Axes           | 3 5 6 7 9 10 12 14 | 14.1
Fighting       | 4 5 6 8 9 10 | 10.0
Dodging        | 1 2 3 |  3.3
Armour         | 4 5 7 8 9 |  9.8
Slings         | 1 2 3 |  3.2
Shields        | 4 5 6 7 9 |  9.3
Stealth        | 1 2 |  2.1
Throwing       | 1 |  1.1
Evocations     | 1 |  1.2
Unarmed Combat | |  0.4

Action                   |  1- 3 |  4- 6 |  7- 9 | 10-12 || total
-------------------------+-------+-------+-------+-------++-------
Melee: War axe           |   113 |       |       |       ||   113
       Hand axe          |    28 |   109 |   226 |   294 ||   657
       Unarmed           |       |       |     2 |       ||     2
 Fire: Hunting sling     |       |     2 |    22 |       ||    24
       Fustibalus        |       |       |       |     7 ||     7
Throw: Stone             |       |       |    18 |       ||    18
Invok: Divine Shield     |       |       |       |     1 ||     1
Evoke: Wand              |       |       |     1 |     2 ||     3
  Use: Scroll            |    10 |     3 |     6 |    11 ||    30
       Potion            |     5 |       |     1 |     3 ||     9
 Stab: Sleeping          |     1 |       |       |       ||     1
  Eat: Ration            |     1 |       |     4 |     4 ||     9
       Chunk             |     1 |     3 |       |       ||     4
Armor: Scale mail        |     5 |    37 |    47 |       ||    89
       Robe              |     9 |       |       |       ||     9
       Plate armour      |       |       |    30 |   141 ||   171
       Ring mail         |       |       |       |     4 ||     4
       Skin              |       |       |       |     1 ||     1
Dodge: Dodged            |    33 |    27 |    33 |    60 ||   153
Block: Kite shield       |    38 |    55 |    87 |   128 ||   308

Table legend:
 A = Non-vault XP
 B = Vault XP
 C = Vault XP percentage of total XP
 D = Non-vault monster count
 E = Vault monster count
 F = Vault count percentage of total count
                 A         B        C        D         E       F
            +---------+---------+-------+---------+---------+-------
      Total |   11532 |    7531 |  39.5 |     217 |      39 |  15.2
            +---------+---------+-------+---------+---------+-------
        D:1 |      30 |       0 |   0.0 |      19 |       0 |   0.0
        D:2 |      37 |       0 |   0.0 |      16 |       0 |   0.0
        D:3 |      64 |       0 |   0.0 |      22 |       0 |   0.0
        D:4 |     828 |       0 |   0.0 |      27 |       0 |   0.0
        D:5 |     816 |     640 |  44.0 |      36 |       5 |  12.2
        D:6 |     828 |     323 |  28.1 |      18 |       2 |  10.0
        D:7 |     788 |     252 |  24.2 |      16 |       2 |  11.1
        D:8 |     863 |     965 |  52.8 |      19 |       1 |   5.0
        D:9 |    3076 |     772 |  20.1 |      20 |       9 |  31.0
      Orc:1 |    3163 |    4215 |  57.1 |      19 |      17 |  47.2
      Orc:2 |    1039 |     364 |  25.9 |       5 |       3 |  37.5
            +---------+---------+-------+---------+---------+-------
